Map: Catalyst LE

Players

Raine

  • Race: Zerg Zerg
  • League: Platinum
  • Spawn Location: 11:00

axu - Winner!

  • Race: Protoss Protoss
  • League: Platinum
  • Spawn Location: 5:00

VOD

Have the link to the VOD?

Description

Time

  • Played on: March 21, 2018, 11:14 a.m.
  • Length: 15:58
Show
View Real Time Build Order
Export as new Build Order

Raine Zerg 

Build Orders: Hatch First 

Get SALT Encoding   

  12  0:01  Drone  
  13  0:13  Drone  
  14  0:32  Overlord  
  14  0:49  Hatchery, Drone  
  14  0:51  Drone  
  14  0:53  Drone  
  16  1:01  Drone  
  17  1:13  Spawning Pool  
  17  1:17  Drone  
  17  1:26  Drone  
  18  1:48  Drone x2  
  20  1:56  Hatchery  
  20  1:59  Drone  
  20  2:00  Extractor  
  19  2:03  Queen  
  21  2:09  Overlord  
  21  2:22  Queen  
  23  2:27  Drone x2  
  23  2:28  Drone  
  26  2:36  Drone  
  26  2:37  Drone  
  28  2:38  Drone  
  29  2:45  Drone x2  
  29  2:50  Drone  
  32  2:57  Zergling x2  
  33  3:01  Zergling x2  
  34  3:06  Extractor  
  34  3:07  Queen  
  34  3:10  Queen  
  37  3:13  Drone  
  38  3:21  Drone  
  38  3:22  Drone x3  
  42  3:33  Overlord  
  41  3:48  Zergling x2  
  41  3:51  Queen, Zergling x2  
  41  3:52  Zergling x10  
  44  4:32  Roach Warren  
  43  4:41  Drone  
  43  4:42  Overlord x4, Drone x6  
  50  4:47  Metabolic Boost  
  50  4:53  Baneling Nest  
  49  5:14  Drone  
  49  5:15  Drone x11  
  53  5:35  Drone x7  
  60  5:43  Spore Crawler  
  59  5:50  Spore Crawler  
  59  5:56  Spore Crawler  
  57  5:59  Extractor  
  57  6:00  Drone x11  
  57  6:01  Extractor  
  66  6:06  Extractor  
  66  6:08  Extractor  
  66  6:10  Drone  
  65  6:11  Overlord  
  65  6:17  Lair  
  64  7:00  Drone  
  64  7:01  Drone x5  
  70  7:04  Roach x7  
  70  7:05  Roach x2  
  70  7:06  Overlord x2  
  88  7:26  Overseer x2  
  85  7:37  Hatchery  
  74  8:06  Glial Reconstitution  
  74  8:18  Spawning Pool  
  73  8:38  Roach x11  
  73  8:39  Overlord, Roach x5  
  105  8:41  Centrifical Hooks  
  105  9:04  Drone  
  105  9:05  Drone x7  
  105  9:07  Queen  
  115  9:26  Queen  
  115  9:28  Drone  
  115  9:29  Drone  
  115  9:30  Overlord x4  
  115  9:31  Overlord x2  
  119  9:44  Overlord x2  
  119  9:54  Infestation Pit  
  119  9:56  Drone x5  
  119  9:57  Drone x6  
  129  10:41  Infestor  
  129  10:42  Roach x9  
  157  10:43  Roach x10  
  169  10:55  Evolution Chamber x2  
  167  10:59  Hydralisk Den  
  166  11:04  Drone  
  166  11:05  Drone x7  
  170  12:10  Hydralisk  
  170  12:11  Hydralisk x6  
  170  12:14  Overlord x3  
  170  12:15  Overlord x2  
  123  12:41  Hydralisk x17  
  123  12:42  Hydralisk x2  
  161  12:45  Grooved Spines  
  161  12:50  Lurker Den  
  158  13:25  Hydralisk x16  
  158  13:26  Hydralisk  
  192  13:36  Zergling x12  
  198  13:50  Roach  
  200  13:57  Muscular Augments  
  198  14:35  Lurker x2  
  74  15:22  Roach x17  
  74  15:26  Overseer  
  112  15:37  Extractor  
  112  15:38  Hatchery  
  100  15:55  Extractor  
Show
View Real Time Build Order
Export as new Build Order

axu Protoss - Winner!

Build Orders: 1 Gate Expand, Oracle Opening 

Get SALT Encoding   

  12  0:01  Probe  
  13  0:13  Probe  
  14  0:21  Pylon  
  14  0:25  Probe  
  15  0:39  Gateway  
  15  0:44  Probe (Chrono Boost)  
  15  0:47  Assimilator  
  16  0:56  Probe (Chrono Boost)  
  17  1:00  Probe (Chrono Boost)  
  18  1:12  Probe  
  19  1:24  Probe  
  20  1:36  Nexus  
  20  1:46  Cybernetics Core  
  20  1:51  Probe (Chrono Boost)  
  21  1:57  Pylon  
  21  1:58  Assimilator  
  21  2:03  Probe (Chrono Boost)  
  21  2:08  Probe (Chrono Boost)  
  23  2:19  Probe  
  24  2:23  Adept, Warp Gate  
  26  2:37  Stargate  
  26  2:42  Probe  
  27  2:50  Adept  
  29  2:54  Probe  
  29  2:57  Pylon  
  30  3:03  Probe  
  31  3:06  Probe  
  31  3:09  Gateway  
  32  3:15  Probe  
  33  3:21  Adept  
  35  3:31  Oracle  
  35  3:33  Probe x2  
  39  3:37  Twilight Council  
  39  3:43  Gateway  
  37  4:29  Dark Shrine  
  37  4:43  Probe x2  
  39  4:46  Assimilator  
  39  4:48  Assimilator, Pylon  
  39  4:55  Robotics Facility, Probe x2  
  39  4:58  Gateway  
  39  4:59  Gateway  
  41  5:02  Gateway  
  40  5:35  Probe (Chrono Boost)  
  40  5:36  Probe (Chrono Boost)  
  40  5:47  Probe (Chrono Boost)  
  40  5:48  Probe (Chrono Boost)  
  42  5:52  Warp Prism (Chrono Boost)  
  42  5:54  Probe x2 (Chrono Boost)  
  46  5:59  Charge  
  46  6:01  Probe  
  47  6:06  Pylon  
  47  6:08  Adept  
  47  6:09  Adept x4  
  47  6:10  Adept  
  59  6:12  Probe  
  59  6:13  Probe  
  61  6:25  Probe  
  62  6:32  Pylon x2  
  62  6:34  Pylon  
  62  6:37  Pylon  
  62  6:46  Probe x2  
  62  6:49  Nexus  
  62  6:53  Pylon  
  62  6:56  Pylon  
  62  6:58  Probe  
  62  7:00  Dark Templar x3  
  62  7:01  Dark Templar  
  71  7:14  Dark Templar  
  71  7:15  Dark Templar  
  75  7:42  Zealot x2  
  75  7:43  Zealot x2  
  73  8:07  Probe  
  73  8:08  Probe x2  
  76  8:15  Shield Battery, Dark Templar  
  76  8:16  Dark Templar x5  
  76  8:17  Shield Battery  
  76  8:19  Shield Battery, Probe  
  89  8:20  Probe x2  
  89  8:21  Assimilator  
  89  8:24  Immortal (Chrono Boost)  
  89  8:25  Assimilator  
  91  8:32  Probe x3  
  98  8:35  Forge  
  98  8:38  Forge  
  98  8:43  Archon x2  
  98  8:44  Archon, Probe x3  
  101  8:55  Sentry x5  
  105  8:56  Immortal  
  115  9:11  Zealot, Protoss Ground Armor Level 1 (Chrono Boost), Protoss Ground Weapons Level 1 (Chrono Boost)  
  117  9:24  Robotics Facility  
  117  9:30  Probe x3  
  120  9:36  Immortal  
  124  9:42  Probe x3  
  124  9:43  Zealot x3  
  133  9:50  Pylon  
  133  9:52  Pylon  
  133  9:55  Pylon  
  133  9:57  Pylon  
  133  10:04  Nexus  
  133  10:05  Pylon  
  133  10:08  Probe x3  
  136  10:15  Immortal  
  136  10:20  Probe  
  141  10:35  Zealot x4  
  145  10:36  Zealot x2  
  145  10:41  Pylon  
  153  10:43  Pylon  
  153  10:46  Immortal, Templar Archives  
  157  10:54  Observer  
  157  10:55  Assimilator  
  158  10:59  Assimilator  
  158  11:00  Pylon  
  158  11:04  Shield Battery  
  158  11:05  Shield Battery  
  158  11:06  Zealot  
  158  11:07  Shield Battery  
  160  11:13  Gateway  
  160  11:14  Gateway  
  160  11:15  Immortal  
  160  11:16  Gateway  
  164  11:19  Gateway  
  164  11:26  Immortal  
  168  11:38  Stalker x2  
  168  11:39  Stalker, Zealot  
  176  11:40  Zealot x2  
  180  11:49  Protoss Ground Armor Level 2 (Chrono Boost), Protoss Ground Weapons Level 2 (Chrono Boost)  
  180  11:51  Pylon  
  180  11:53  Pylon  
  176  11:57  Pylon  
  176  11:59  Pylon  
  174  12:18  Immortal x2  
  174  12:22  Zealot x2  
  184  12:23  Zealot x4  
  180  12:56  High Templar  
  180  12:57  Observer x2, High Templar x5  
  180  12:58  High Templar  
  196  12:59  Psionic Storm  
  196  13:52  Photon Cannon  
  196  13:54  Photon Cannon  
  196  13:55  Protoss Shields Level 1 (Chrono Boost)  
  196  13:56  Photon Cannon  
  196  14:00  Photon Cannon  
  196  14:02  Photon Cannon  
  196  14:50  Stargate  
  196  14:52  Stargate  
  196  14:54  Stargate  
  196  14:57  Stargate  
  196  14:59  Stargate  
  196  15:00  Stargate  
  150  15:23  High Templar x6  
  150  15:24  High Templar x4  
  170  15:29  Archon x2  
  170  15:30  Archon x3  
Tags
 
Add a new tag
Caveats
  • Supply blocks, unpowered buildings, or Contaminate may cause inaccurate times.
  • Supply counts are checked every 10 seconds.